AoeStats
← 水果湖一杯倒

Migration

510068741Analyzed
1v1 RM · 4d ago on Sep 29, 2026· 22m 23s· 2 players
Game mode
Random Map
Map size
132×132
Population
200
Speed
Normal
Resources
Standard
Victory
Conquest
Starting age
Dark Age
Ending age
Imperial Age
RankedLock teamsTeams togetherTeam positionsShared explorationLock speedFull tech treeHidden civsTurbo modeCheats
Victory
Defeat
🇨🇳 Vikings · China
1014
+16
🇩🇪 Varangians · Germany
1022
-16
水果湖一杯倒
11:27 Feudal Age
9:43 Loom
12:13 Town Watch
12:22 Double-Bit Axe
12:21 Fishing Lines
12:41 Man-at-Arms
15:04 Fletching
20:15 Padded Archer Armor
23:52 Castle Age
BoredFork6
3:49 Loom
10:35 Feudal Age
11:12 Double-Bit Axe
12:20 Town Watch
12:54 Fishing Lines
15:15 Wheelbarrow
14:32 Fletching
20:09 Castle Age
20:16 Castle Age
18:16 Horse Collar
21:04 Medium Warships
21:04 Bodkin Arrow
21:31 Bow Saw
Connection lost

Rejoining the realm…

Still unreachable

The connection could not be restored.

Session expired

The server has moved on; the page needs a fresh start.